 Dungeon Crawl Stone Soup version 0.23-a0-386-g9c9d49f (webtiles) character file.

2066 JeffiDaFish the Jinx (level 9, -10/39 HPs)
             Began as a Spriggan Enchanter on Oct 28, 2018.
             Was a Follower of Sif Muna.
             Mangled by Harold
             ... wielding a +0 trident
              (24 damage)
             ... on level 8 of the Dungeon on Oct 29, 2018.
             The game lasted 00:22:11 (8436 turns).

JeffiDaFish the Jinx (Spriggan Enchanter)           Turns: 8436, Time: 00:22:12

Health: -10/39     AC:  2    Str:  5    XL:     9   Next: 5%
Magic:  4/22       EV: 26    Int: 18    God:    Sif Muna [*.....]
Gold:   419        SH:  0    Dex: 17    Spells: 11/24 levels left

rFire    + . .     SeeInvis +   t - +0 rapier
rCold    . . .     Gourm    .   (shield restricted)
rNeg     . . .     Faith    .   b - +0 robe
rPois    .         Spirit   .   (helmet restricted)
rElec    .         Reflect  .   (no cloak)
rCorr    .         Harm     .   (gloves unavailable)
MR       +....                  (boots unavailable)
Stlth    ++++......             (no amulet)
HPRegen  0.13/turn              q - ring of protection from fire
MPRegen  0.18/turn              e - +4 ring of evasion

@: very quick
A: very small, unfitting armour, see invisible, herbivore, speed 3, slow
metabolism 2
a: Divine Energy, Renounce Religion


You were on level 8 of the Dungeon.
You worshipped Sif Muna.
Sif Muna was aware of your devotion.
You were near starving.

You visited 2 branches of the dungeon, and saw 9 of its levels.

You collected 419 gold pieces.

Inventory:

Hand Weapons
 t - a +0 rapier (weapon)
Armour
 b - a +0 robe (worn)
Jewellery
 c - an uncursed ring of positive energy
 e - a +4 ring of evasion (right hand)
 q - a ring of protection from fire (left hand)
Wands
 a - a wand of paralysis (9)
 m - a wand of digging (11)
Scrolls
 f - 7 scrolls of identify
 h - 2 scrolls of blinking
 j - 8 scrolls of remove curse
 k - a scroll of magic mapping
 s - a scroll of teleportation
Potions
 g - 2 potions of haste
 i - 3 potions of curing
 l - 2 potions of agility
 o - a potion of berserk rage
 p - a potion of flight {unknown}
Comestibles
 d - 11 rations


   Skills:
 + Level 4.9 Short Blades
 + Level 6.9 Dodging
 + Level 8.3 Stealth
 * Level 8.1 Spellcasting
 * Level 8.4 Hexes


You had 11 spell levels left.
You knew the following spells:

 Your Spells              Type           Power        Failure   Level  Hunger
a - Corona                Hex            #####..      1%          1    None
b - Ensorcelled Hibernat  Hex/Ice        ###...       2%          2    None
c - Confuse               Hex            #####...     1%          3    #......
d - Dazzling Spray        Conj/Hex       ###...       4%          3    #......
e - Fulminant Prism       Conj/Hex       ###.......   17%         4    ###....

Your spell library contained the following spells:

 Spells                   Type           Power        Failure   Level  Hunger
 Tukima's Dance           Hex            #####...     1%          3    #......
 Magic Dart               Conj           #...         10%         1    None
 Searing Ray              Conj           #.....       14%         2    None
 Force Lance              Conj/Tloc      #.......     67%         4    ###....
 Iskenderun's Mystic Bla  Conj           #.......     67%         4    ###....


Dungeon Overview and Level Annotations

Branches:
Dungeon (8/15)             Temple (1/1) D:5
   Lair: D:8-11

Altars:
Ashenzari
Cheibriados
Dithmenos
Elyvilon
Fedhas
Gozag
Hepliaklqana
Kikubaaqudgha
Nemelex Xobeh
Qazlal
Ru
Sif Muna
Trog
Uskayaw
Vehumet
Wu Jian
Xom
Yredelemnul
Zin
The Shining One
Beogh

Annotations:
D:8 Harold


Innate Abilities, Weirdness & Mutations

You are very small and have problems with some larger weapons.
You are too small for most types of armour.
You have supernaturally acute eyesight. (SInv)
You are a herbivore.
You cover ground extremely quickly.
You need to consume almost no food.


Message History

Harold gestures wildly.
You feel better.
You hit Harold.
Harold is lightly wounded.
You catch the helpless Harold completely off-guard!
You impale Harold!!
Harold is heavily wounded.
You hit Harold but do no damage.
Harold is heavily wounded.
You hit Harold.
Harold is heavily wounded.
Harold grins madly.
You hit Harold but do no damage.
Harold is heavily wounded.
Harold closely misses you.
You hit Harold but do no damage.
Harold is heavily wounded.
The ice beast barely misses you. Harold hits you with a +0 trident!!
Ouch! That really hurt!
You die...

#....!.........#
#.......##.....## .
###...###.......##$
#.....(.........
##..$.†.......#
#....##.....#
#$#.## #...##
#.#.#####Y.##
#.#(....@@..#
#.#.######.## #....
#...# #.... ....#
#...# ##.##
##...####### #
#..........# #
#...<# #


You could see Harold (confused) and an ice beast.

Vanquished Creatures
  2 black bears (D:6)
  A sky beast (D:4)
  An ice beast (D:7)
  A necrophage (D:8)
  A phantom (D:7)
  2 ogres
  A centaur (D:7)
  4 bullfrogs
  4 howler monkeys
  A centaur zombie (D:6)
  2 hounds
  2 jellies
  4 orc wizards
  3 orc priests
  3 bullfrog skeletons
  Jessica (D:2)
  5 worker ants
  3 iguanas
  A hound zombie (D:2)
  A mummy (D:5)
  4 gnolls (D:5)
  9 adders
  An ooze (D:2)
  A worm (D:3)
  2 dart slugs
  A leopard gecko (D:4)
  18 orcs
  12 bats
  5 giant cockroaches
  12 goblins
  8 hobgoblins
  8 jackals
  8 kobolds
  4 quokkas
  3 frilled lizards
  4 hobgoblin zombies (D:5)
  A quokka skeleton (D:7)
  7 rats
151 creatures vanquished.

Notes
Turn   | Place    | Note
-------+----------+-------------------------------------------
     0 | D:1      | JeffiDaFish the Spriggan Enchanter began the quest for the
                  | Orb.
     0 | D:1      | Reached XP level 1. HP: 9/9 MP: 5/5
    88 | D:1      | Reached XP level 2. HP: 10/13 MP: 4/6
   107 | D:1      | Learned a level 2 spell: Ensorcelled Hibernation
   166 | D:1      | Found a roughly hewn altar of Beogh.
   196 | D:1      | Noticed an orc warrior
  1076 | D:1      | Reached XP level 3. HP: 16/16 MP: 8/8
  1409 | D:2      | Noticed Jessica
  1415 | D:2      | Killed Jessica
  1415 | D:2      | Reached skill level 5 in Stealth
  1524 | D:2      | Reached XP level 4. HP: 16/21 MP: 10/10
  1588 | D:2      | Found an ancient bone altar of Kikubaaqudgha.
  2730 | D:3      | Reached XP level 5. HP: 24/24 MP: 4/12
  2758 | D:3      | Reached skill level 5 in Hexes
  2904 | D:3      | Learned a level 3 spell: Confuse
  4060 | D:4      | Reached XP level 6. HP: 26/28 MP: 14/14
  4251 | D:4      | Found a blossoming altar of Fedhas.
  4489 | D:4      | Reached skill level 5 in Spellcasting
  4762 | D:4      | Noticed a sky beast
  4788 | D:4      | Killed a sky beast
  4881 | D:5      | Entered Level 5 of the Dungeon
  4948 | D:5      | Found a staircase to the Ecumenical Temple.
  5093 | Temple   | Entered the Ecumenical Temple
  5204 | Temple   | Became a worshipper of Sif Muna the Loreminder
  5266 | D:5      | Reached XP level 7. HP: 32/32 MP: 13/16
  5845 | D:5      | Reached skill level 5 in Dodging
  6445 | D:6      | Learned a level 3 spell: Dazzling Spray
  6582 | D:6      | Found a glowing golden altar of the Shining One.
  6622 | D:6      | Found a bloodstained altar of Trog.
  6657 | D:6      | Reached XP level 8. HP: 36/36 MP: 11/18
  7399 | D:7      | Reached * piety under Sif Muna
  7924 | D:7      | Learned a level 4 spell: Fulminant Prism
  8338 | D:8      | Reached XP level 9. HP: 36/39 MP: 17/22
  8413 | D:8      | Noticed Harold
  8436 | D:8      | Mangled by Harold

Vault maps used:
D:1:      erik_arrival_cave_to_civilisation, chequers_serial_rivers_room_a
D:2:      kiku_gazebo_pond_becter, uniq_jessica
D:3:      first_ration
D:4:      lemuel_round_altar, skrybe_limestone_x
D:5:      minmay_temple_entry_overgrown, minmay_mini_ossuary
D:6:      tso_altar, trog_ov_bears_minmay
D:7:      kennysheep_generic_room_3
D:8:      hangedman_pestilent_swarm, uniq_harold
Temple:   regret_index_temple_sphere_string

Skill      XL: |  1  2  3  4  5  6  7  8 |
---------------+-------------------------+-----
Spellcasting   | 3 4 5 6 8 |  8.1
Hexes          | 4 5 6 8 |  8.4
Stealth        | 5 6 7 8 |  8.3
Short Blades   | 2 3 4 |  4.9
Dodging        | 4 5 6 |  6.9

Action                   |  1- 3 |  4- 6 |  7- 9 || total
-------------------------+-------+-------+-------++-------
Melee: Dagger            |   137 |   228 |    81 ||   446
       Rapier            |       |       |    79 ||    79
 Cast: Corona            |     6 |    11 |     2 ||    19
       Ensorcelled Hiber |     7 |    52 |    57 ||   116
       Confuse           |       |     2 |    19 ||    21
       Dazzling Spray    |       |       |     4 ||     4
  Use: Potion            |     3 |     6 |     2 ||    11
       Scroll            |     3 |     3 |     3 ||     9
 Stab: Sleeping          |     8 |    37 |    42 ||    87
       Invisible         |       |     2 |       ||     2
       Confused          |       |     1 |    13 ||    14
  Eat: Ration            |       |     2 |     1 ||     3
Armor: Robe              |    21 |    11 |     2 ||    34
       Skin              |     5 |       |       ||     5
Dodge: Dodged            |   131 |   203 |   124 ||   458

Table legend:
 A = Non-vault XP
 B = Vault XP
 C = Vault XP percentage of total XP
 D = Non-vault monster count
 E = Vault monster count
 F = Vault count percentage of total count
                 A         B        C        D         E       F
            +---------+---------+-------+---------+---------+-------
      Total |    2633 |     319 |  10.8 |     141 |      10 |   6.6
            +---------+---------+-------+---------+---------+-------
        D:1 |      43 |       4 |   8.5 |      25 |       2 |   7.4
        D:2 |      90 |      37 |  29.1 |      24 |       1 |   4.0
        D:3 |      85 |       0 |   0.0 |      21 |       0 |   0.0
        D:4 |     364 |       0 |   0.0 |      14 |       0 |   0.0
        D:5 |     292 |      22 |   7.0 |      16 |       5 |  23.8
        D:6 |     353 |     256 |  42.0 |       8 |       2 |  20.0
        D:7 |     834 |       0 |   0.0 |      19 |       0 |   0.0
        D:8 |     572 |       0 |   0.0 |      14 |       0 |   0.0
            +---------+---------+-------+---------+---------+-------
